[Event "ChessKid Cup Div-II 2023"]
[Site "Online"]
[Date "2023.05.24"]
[Round "52.2"]
[White "Le, Tuan Minh"]
[Black "Anton Guijarro, David"]
[Result "1-0"]
[ECO "B06"]
[WhiteElo "2542"]
[BlackElo "2690"]
[Annotator "TA"]
[PlyCount "73"]
[EventDate "2023.05.21"]
[EventType "k.o."]
[EventCountry "NET"]
[SourceTitle "playchess.com"]
[Source "ChessBase"]
[SourceQuality "1"]
[TimeControl "900+3"]

1. d4 d6 2. e4 g6 3. Nf3 Bg7 4. Bc4 e6 5. Bb3 Nf6 6. Nbd2 {[%emt 0:00:04] B06: Modern Defence.} O-O 7. O-O Nc6 8. c3 {[%emt 0:00:08] White has an edge.} a5 9. Re1 {[%emt 0:00:15] [#]} b5 $146 ({Predecessor:} 9... e5 10. Nf1 exd4 11. cxd4 Bg4 12. d5 Ne5 13. N1d2 Nd3 14. Re3 Nxc1 15. Rxc1 Bh6 {0-1 Dragomirescu,R (2337)-Anton Guijarro,D (2679) Titled Tuesday intern op 12th Jan blitz 2021 (8)}) 10. a4 b4 11. Nf1 Rb8 12. Ng3 bxc3 13. bxc3 Ba6 14. h3 e5 15. Be3 exd4 16. Nxd4 (16. cxd4 $5 Re8 17. Rc1 $11) 16... Qd7 17. Nxc6 Qxc6 18. Bd4 Bc4 19. Bxc4 Qxc4 20. e5 Nd5 {[%emt 0:01:13] Hoping for ...c5.} 21. exd6 $1 Bxd4 (21... Nxc3 $2 22. Bxc3 Bxc3 23. Rc1 $18) 22. cxd4 {[%emt 0:00:52] And now Rc1 would win.} cxd6 23. Ne4 Rfd8 24. Qd2 Kg7 (24... Qb4 $11) 25. Qxa5 $14 Nb4 {[%emt 0:00:10] [#]} (25... Ra8 $14 26. Qb5 Qxb5 27. axb5 Rab8) 26. Nxd6 $1 Qxd4 $16 {[%emt 0:00:02] White must now prevent ...Nd3.} 27. Rad1 {[%emt 0:00:29] White is more active.} (27. Nb5 $16 Qc5 28. Rec1) 27... Nd3 $14 28. Rxd3 {[%emt 0:00:43][%mdl 64] Deflection} Qxd3 29. Qe5+ Kg8 30. Nxf7 {[%emt 0:00:15][%mdl 64] Decoy} Kxf7 31. Qe7+ Kg8 32. Qe6+ Kg7 33. Qe7+ Kh6 $2 (33... Kh8 $11 34. Qf6+ Kg8 35. Qe6+ Kh8 36. Qf6+ Kg8 37. Qe6+) 34. Qh4+ {[%emt 0:00:01] White mates.} Kg7 35. Re7+ Kg8 36. Qxh7+ Kf8 37. Qg7# {[%emt 0:00:01] Artfully played by Le.   Weighted Error Value: White=0.13 (very precise) /Black=0.38} 1-0

[Event "ChessKid Cup Div-II 2023"]
[Site "Online"]
[Date "2023.05.24"]
[Round "52.3"]
[White "Alekseenko, Kirill"]
[Black "Andreikin, Dmitry"]
[Result "0-1"]
[ECO "B12"]
[WhiteElo "2686"]
[BlackElo "2729"]
[Annotator "TA"]
[PlyCount "48"]
[EventDate "2023.05.21"]
[EventType "k.o."]
[EventCountry "NET"]
[SourceTitle "playchess.com"]
[Source "ChessBase"]
[SourceQuality "1"]
[TimeControl "900+3"]

1. e4 c6 2. d4 d5 3. e5 Bf5 4. Nf3 e6 5. Be2 Ne7 6. c3 {[%emt 0:00:15] B12: Caro-Kann: Advance Variation.} Nd7 7. Nbd2 c5 8. Nb3 {[%emt 0:01:05] The position is equal.} Nc6 9. Be3 c4 10. Nbd2 b5 11. O-O Be7 {[%emt 0:00:04] [#]} 12. Ne1 $146 ({Predecessor:} 12. a3 a5 13. Ne1 g5 14. f4 gxf4 15. Bxf4 Qb6 16. Kh1 O-O-O 17. b3 Qa7 18. a4 bxa4 19. bxc4 dxc4 20. Qxa4 {1-0 Das,A (2460)-Kamarunsalehin,A (1946) Kuala Lumpur op 2014 (4)}) 12... b4 13. g4 Bg6 14. f4 {[%emt 0:00:03][%cal Bf2f4,Bf4f5][%mdl 32] And now f5 would win.} bxc3 15. bxc3 Qa5 16. Rc1 {[%emt 0:00:52] f5 would be deadly.} Ba3 {[%emt 0:00:36] [#]} (16... Qxa2 $2 17. f5 $18) (16... f5 $11 {remains equal.}) 17. f5 $1 $16 {[%emt 0:00:13] Strongly threatening Rc2.} Bxc1 18. Qxc1 Qxa2 ({Less strong is} 18... exf5 19. gxf5 Bxf5 20. Rxf5 $18) 19. fxg6 hxg6 20. Nef3 (20. Rf2 $16) 20... Rb8 $1 $14 21. Ng5 Nd8 22. Qe1 (22. Bd1 $5 ) 22... Rb2 23. Qf2 $2 (23. h4 $11 {and White is okay.}) 23... Rxd2 $19 (23... f6 24. exf6 gxf6 25. Bxc4 dxc4 26. Nge4 $11) 24. Nxf7 $2 {[%emt 0:00:11] [#]} (24. Bxd2 Qxd2 25. Nf3 (25. Nxf7 $2 {perishes.} O-O $19) 25... Qxc3 26. Bd1) 24... O-O $1 {[%emt 0:00:11] Weighted Error Value: White=0.71/Black=0.13 (very precise)} 0-1

[Event "ChessKid Cup Div-II 2023"]
[Site "Online"]
[Date "2023.05.24"]
[Round "53.1"]
[White "Mamedyarov, Shakhriyar"]
[Black "Le, Quang Liem"]
[Result "1-0"]
[ECO "A34"]
[WhiteElo "2738"]
[BlackElo "2728"]
[Annotator "TA"]
[PlyCount "77"]
[EventDate "2023.05.21"]
[EventType "k.o."]
[EventCountry "NET"]
[SourceTitle "playchess.com"]
[Source "ChessBase"]
[SourceQuality "1"]
[TimeControl "900+3"]

1. c4 c5 2. Nc3 Nc6 3. Nf3 Nf6 4. g3 d5 5. cxd5 Nxd5 6. Bg2 Nc7 7. d3 e5 8. O-O Be7 9. b3 O-O 10. Bb2 b6 {[%emt 0:00:55] A34: Symmetrical English: 2 Nc3, lines with ...d5.} 11. a3 {[%emt 0:00:46][%cal Ob3b4] [#]} Be6 $146 (11... Rb8 $15) ({Predecessor:} 11... Re8 12. Qc2 Rb8 13. e3 Bb7 14. Rfd1 Ne6 15. Ne4 Bd6 16. Rd2 Bc7 17. Rad1 Qe7 18. h4 {1-0 Karell,L (1961)-Taborsky,R (2220) Washington op 2015 (4)}) 12. e3 Qd7 {[%emt 0:01:06] The position is equal.} (12... Rc8 $5) 13. Qc2 (13. b4 $11) 13... Rfd8 14. Rfd1 Rac8 15. Rac1 (15. Ne4 $15 {was preferrable.}) 15... f6 $17 {[%emt 0:00:23] Strongly threatening ...Na5.} 16. Nd2 Bf8 17. Nc4 b5 18. Nd2 a6 ({Black should play} 18... Na5 $1 $17 19. d4 cxd4 20. exd4 exd4) 19. Nce4 $15 Nd5 20. Qb1 (20. Nxc5 $2 Bxc5 21. Bxd5 (21. Qxc5 $2 Na5 $19) 21... Qxd5 $19) 20... Na5 21. Ba1 Kh8 22. Rc2 Nb6 23. b4 cxb4 24. Rxc8 Rxc8 25. axb4 Nc6 26. Nc5 Bxc5 (26... Qf7 $11 {is more appropriate.}) 27. bxc5 $14 Na4 {[%emt 0:00:00] [#]} 28. Ne4 b4 {[%emt 0:00:04] [#]} (28... Na5 $16) 29. d4 $1 $18 exd4 30. Bxd4 (30. exd4 $18 Bd5 31. Nd6 Bxg2 32. Kxg2 (32. Nxc8 Qh3 $11)) 30... Qc7 $2 {[%emt 0:01:33][%mdl 8192] [#] This move loses the game for Black.} (30... Nxd4 $16 {keeps fighting.} 31. Rxd4 Qc7) 31. Nxf6 $1 {[%emt 0:00:36][%mdl 576] Demolition} gxf6 32. Bxf6+ Kg8 33. Rd6 Qf7 (33... Nd8 $142 34. Bxd8 (34. Qxb4 Qxd6 35. cxd6 Rc1+ 36. Bf1 Bh3 $14) 34... Qf7) 34. Bxc6 {[%emt 0:00:32][%cal Bg2c6,Bc6e4,Be4d5][%mdl 32] This pair of bishops is nice.} Nc3 35. Bxc3 bxc3 36. Qd3 Qf5 37. Be4 {[%emt 0:00:18][%mdl 64] Skewer} (37. Qxa6 $2 {loses.} c2 38. Qf1 Qxc5 39. Rxe6 c1=R $19) ({Weaker is} 37. Qxc3 Rxc6 38. Rxc6 Qb1+ 39. Kg2 Bd5+ 40. f3 (40. Kh3 $2 Qf5+ 41. g4 Qf3+ 42. Kh4 Qxf2+ 43. Kg5 Bxc6 $19) 40... Qa2+ 41. Kg1 Bxf3 42. Rc8+ Kf7 $11) 37... Qe5 {[%emt 0:00:01] [#]} 38. Rxe6 $1 {[%emt 0:00:07][%mdl 64] Remove Defender} Qxe6 39. Bd5 {[%emt 0:00:01] Weighted Error Value: White=0.16 (very precise) /Black=0.65} 1-0

[Event "ChessKid Cup Div-II 2023"]
[Site "Online"]
[Date "2023.05.24"]
[Round "53.1"]
[White "Andreikin, Dmitry"]
[Black "Le, Tuan Minh"]
[Result "1-0"]
[ECO "D31"]
[WhiteElo "2729"]
[BlackElo "2542"]
[Annotator "TA"]
[PlyCount "37"]
[EventDate "2023.05.21"]
[EventType "k.o."]
[EventCountry "NET"]
[SourceTitle "playchess.com"]
[Source "ChessBase"]
[SourceQuality "1"]
[TimeControl "900+3"]

1. d4 d5 2. c4 e6 3. Nc3 a6 4. cxd5 exd5 5. Nf3 c6 6. e4 {[%emt 0:01:09] D31: Queen's Gambit Declined: Semi-Slav without ...Nf6 (+ Marshall Gambit and Noteboom) and Exchange Variation lines without ...Nf6.} (6. Bf4 {simplifies} Nf6 7. e3 Bd6 8. Bxd6 Qxd6 9. Bd3) 6... dxe4 7. Ng5 Be7 {[%emt 0:01:10] [#]} 8. Bc4 $1 {[%emt 0:00:07] The position is equal.} Bxg5 (8... Nh6 9. Ngxe4) 9. Qh5 {[%emt 0:00:03][%csl Gc4][%cal Rh5f7] [#]} Qe7 $146 ({Predecessor:} 9... Be7 10. Qxf7+ Kd7 11. Be6+ Kc7 12. Bf4+ Kb6 13. Bxc8 Qxc8 14. d5 c5 15. a4 e3 16. O-O Nd7 17. Qe6+ Ka5 18. Bxe3 c4 19. d6 Bxd6 20. Qxd6 Qc6 21. Qd2 {1-0 Predke,A (2692)-Indjic,A (2613) Dubai op 22nd 2022 (5)}) 10. Bxg5 $40 {[%emt 0:00:08][%mdl 128] White goes for the king.} ({Stronger than} 10. Qxg5 Nf6 $11) 10... Nf6 11. Bxf6 gxf6 {[%emt 0:00:14] [#]} 12. O-O-O $1 {[%emt 0:00:03][%cal Oc3e4] Nxe4! would be deadly.} f5 {[%emt 0:00:17] [#]} 13. Rhe1 $1 {[%emt 0:00:20] And now f3 would win.} O-O $2 {[%emt 0:00:46] [#]} (13... Nd7) 14. g4 $1 Qd6 15. gxf5 Qf4+ 16. Re3 Kh8 17. Rg1 {[%emt 0:00:22] White threatens Ne2 and mate.} ({Weaker is} 17. Bxf7 Bxf5 18. Ne2 Qg4 $16) 17... Nd7 18. Ne2 (18. Rg5 $142 Ne5 19. dxe5) 18... Qd6 {[%emt 0:00:24] [#]} (18... Nf6 $18) 19. Be6 $1 {[%emt 0:00:50][%mdl 512] Black did not feel at home in the position after the opening. Excellently played by Andreikin!   Weighted Error Value: White=0.33/Black=0.62} 1-0

[Event "ChessKid Cup Div-II 2023"]
[Site "Online"]
[Date "2023.05.24"]
[Round "53.2"]
[White "Le, Quang Liem"]
[Black "Mamedyarov, Shakhriyar"]
[Result "1-0"]
[ECO "A17"]
[WhiteElo "2728"]
[BlackElo "2738"]
[Annotator "TA"]
[PlyCount "58"]
[EventDate "2023.05.21"]
[EventType "k.o."]
[EventCountry "NET"]
[SourceTitle "playchess.com"]
[Source "ChessBase"]
[SourceQuality "1"]
[TimeControl "900+3"]

1. Nf3 d5 2. e3 Nf6 3. c4 e6 4. Nc3 Bd6 5. b3 O-O 6. Bb2 {[%emt 0:00:02] A17: English Opening: 1...Nf6 with ...Bb4.} b6 7. cxd5 exd5 8. Rc1 {[%emt 0:00:22] The position is equal.} a6 9. g3 Bb7 10. Bg2 d4 11. Ne2 dxe3 {[%emt 0:00:20] [#]} 12. fxe3 $146 ({White should play} 12. dxe3 $14 Nbd7 13. O-O) ({Predecessor:} 12. dxe3 Bb4+ 13. Bc3 Qxd1+ 14. Rxd1 Bxc3+ 15. Nxc3 Nbd7 16. O-O Rfd8 17. Nd4 Bxg2 18. Kxg2 {1-0 Narayanan,S (2559)-Grandelius,N (2656) Titled Tuesday intern op 12th Apr Early blitz 2022 (8)}) 12... c5 $11 13. O-O {[%emt 0:00:03] [#] Threatens to win with Bxf6.} Nbd7 14. Rc4 Qe7 15. Rh4 Rad8 16. Nf4 Ne5 $2 {[%emt 0:01:59][%mdl 8192] This costs Black the game.} (16... Be4 $11) 17. Nxe5 $18 Bxg2 18. Ng4 (18. Nxg2 Bxe5 19. Qb1 Rfe8 $15) 18... Bxf4 $2 (18... Bxf1 $2 19. Nxf6+ $18) (18... Nxg4 19. Rxg4 (19. Kxg2 Nxe3+ {[%mdl 64] Remove Defender} 20. dxe3 Bxf4 $17) (19. Nxg2 f5 $15) 19... Be5) 19. Nxf6+ {[%emt 0:00:14] White is clearly winning.} ({Stronger than} 19. Kxg2 Nxg4 20. Rxg4 Be5 21. Bxe5 Qxe5 $15) 19... gxf6 20. Rfxf4 {[%emt 0:00:25] [#] White wants to mate with Rfg4+.} Qxe3+ 21. dxe3 (21. Kxg2 $142 {White threatens Rhg4+ and mate.} Rxd2+ 22. Kh3) 21... Rxd1+ 22. Kxg2 {[%emt 0:00:01] Threatening mate with Rhg4+.} Rd2+ 23. Rf2 {[%emt 0:00:01] Intending Rg4+ and mate.} Rfd8 24. Rhf4 Rxf2+ 25. Rxf2 ({Inferior is} 25. Kxf2 Rd2+ 26. Kg1 Rxb2 27. Rxf6 Rxa2 28. Rxb6 Kg7 $11) 25... Rd3 26. Kf3 b5 27. Ke2 Rd5 28. Rxf6 c4 29. Rxa6 h5 {[%emt 0:00:02] Weighted Error Value: White=0.27 (precise) /Black=0.47} 1-0

[Event "ChessKid Cup Div-II 2023"]
[Site "Online"]
[Date "2023.05.24"]
[Round "53.2"]
[White "Le, Tuan Minh"]
[Black "Andreikin, Dmitry"]
[Result "1/2-1/2"]
[ECO "D37"]
[WhiteElo "2542"]
[BlackElo "2729"]
[Annotator "TA"]
[PlyCount "73"]
[EventDate "2023.05.21"]
[EventType "k.o."]
[EventCountry "NET"]
[SourceTitle "playchess.com"]
[Source "ChessBase"]
[SourceQuality "1"]
[TimeControl "900+3"]

1. d4 Nf6 2. Nf3 d5 3. c4 e6 4. Nc3 Be7 5. Bf4 O-O 6. e3 Nbd7 7. c5 Nh5 8. Bd3 {[%emt 0:00:05] D37: Queen's Gambit Declined: 5 Bf4.} Nxf4 9. exf4 c6 10. b4 b6 11. O-O a5 12. a3 Qc7 13. g3 Ba6 14. Re1 Bf6 {[%emt 0:00:48] [#]} 15. Bxa6 $5 $146 {[%emt 0:02:33][%mdl 8] New and interesting.} (15. Ne5 $5 ) ({Predecessor:} 15. Ne5 Bxd3 16. Qxd3 Bxe5 17. fxe5 Ra7 18. Ne2 Rfa8 19. Rab1 axb4 20. axb4 Ra3 21. Rb3 Rxb3 22. Qxb3 {½-½ Nakamura,H (2736)-Radjabov,T (2765) Skilling op Prelim rapid 2020 (12)}) 15... Rxa6 16. Qd3 Ra7 17. h4 Rfa8 {[%emt 0:00:12] White must now prevent ...axb4.} 18. Rac1 $1 axb4 19. axb4 Ra3 20. Kg2 bxc5 21. bxc5 Qa5 22. Re3 Rb8 23. f5 Nf8 24. g4 exf5 (24... Qa6 $11) 25. g5 ({White must play} 25. Qxf5 $16 {g5 would be deadly.} Ng6 26. h5 Nh4+ 27. Nxh4 {[%mdl 64] Remove Defender} Bxh4 28. Rf3) 25... f4 $11 26. Ree1 Rbb3 (26... Bd8 $5 ) 27. gxf6 {[%emt 0:01:01][%cal Oe1e8] aiming for Re8!} Rxc3 {[%emt 0:00:04] [#]} 28. Qd2 (28. Rxc3 $1 $14 Rxc3 29. Qd2) 28... Ne6 $2 {[%emt 0:00:55][%mdl 8192] [#]} ({Don't do} 28... Rxf3 29. Qxa5 Rxa5 30. Kxf3 $16) ({Don't take} 28... gxf6 29. Rxc3 Rxc3 30. Rb1 $16) (28... Rxc1 $11 {and Black is okay.} 29. Qxc1 gxf6) 29. Rb1 $1 gxf6 {[%emt 0:00:21] Threatens to win with ...Qa8. The position is equal.} (29... Rxf3 30. Qxa5 Rxa5 31. Rb8+ (31. Kxf3 Ra8 $16) 31... Nf8 32. Ree8 gxf6 33. Rxf8+ Kg7 34. Rg8+ Kh6 35. Kxf3 $18) 30. Rb8+ Kg7 31. Rxe6 $1 {[%emt 0:00:05][%cal Od2f4] White threatens Qxf4! and mate.} Rxf3 {[%emt 0:01:28][%mdl 64] Discovered Attack} (31... Qc7 $5 32. Ree8 $8 Rxf3 $11) 32. Qxa5 Rxa5 33. Rxc6 {[%emt 0:00:02] KRR-KRR} Rd3 {[%emt 0:00:04] Hoping for ...Ra2.} 34. Rbb6 Ra2 35. Rxf6 Rg3+ 36. Kf1 Rf3 37. h5 $2 {[%emt 0:00:05][%mdl 40960] Black used his chance. An interesting game.   Weighted Error Value: White=0.38/Black=0.26 (precise) . An unexpected result.} (37. Rf5 $11) 1/2-1/2

[Event "ChessKid Cup Div-II 2023"]
[Site "Online"]
[Date "2023.05.24"]
[Round "53.3"]
[White "Le, Quang Liem"]
[Black "Mamedyarov, Shakhriyar"]
[Result "1/2-1/2"]
[ECO "A17"]
[WhiteElo "2728"]
[BlackElo "2738"]
[Annotator "TA"]
[PlyCount "84"]
[EventDate "2023.05.21"]
[EventType "k.o."]
[EventCountry "NET"]
[SourceTitle "playchess.com"]
[Source "ChessBase"]
[SourceQuality "1"]
[TimeControl "900+3"]

1. Nf3 d5 2. e3 Nf6 3. c4 e6 4. Nc3 Bd6 5. b3 O-O 6. Bb2 {[%emt 0:00:04] A17: English Opening: 1...Nf6 with ...Bb4.} b6 7. cxd5 exd5 8. Rc1 {[%emt 0:00:04] The position is equal.} a6 {[%emt 0:00:05] Repels Nb5} 9. g3 Bb7 10. Ne2 c5 11. Bg2 Nbd7 12. d4 Rc8 13. dxc5 bxc5 14. O-O Re8 {[%emt 0:00:09] [#]} 15. Qd3 $146 ({Predecessor:} 15. Rc2 Ne4 16. Nd2 Nef6 17. Nc4 Bc7 18. Nf4 Bxf4 19. exf4 Qc7 20. Ne3 Qd6 21. Rd2 {½-½ Nihal,S (2620)-Tang,A (2538) Chess.com U20 Speed blitz 2020 (1.9)}) 15... Ne4 16. Rfd1 Ndf6 17. Nd2 {[%emt 0:01:05] [#]} (17. h3 $11 {remains equal.}) 17... Nxf2 $1 $17 {[%emt 0:00:34][%mdl 576] Decoy} 18. Kxf2 {[%emt 0:00:05] Hoping for Kg1.} Ng4+ 19. Kg1 Nxe3 20. Bh3 Nxd1 $19 21. Rxd1 {[%emt 0:00:03] [#]} c4 22. Qf3 (22. bxc4 $2 Bc5+ 23. Nd4 dxc4 24. Qxc4 Qb6 25. Bxc8 Rxc8 $19) (22. Qc3 $17 Qb6+ 23. Kf1) 22... Bc5+ 23. Kf1 (23. Nd4 $17 Rc7 24. Nf1) 23... Rc6 24. Nxc4 (24. bxc4 $2 Rb6 25. Ba1 (25. Nb3 $2 dxc4 {[%mdl 64] Discovered Attack} 26. Rxd8 Rxd8 $19) 25... dxc4 $19) 24... Rh6 (24... d4 $1 $17 {aiming for ...Rf6.} 25. Nf4 (25. Nxd4 $2 Rf6 $19 {[%mdl 64] Pin}) 25... Rc7) 25. Nf4 $2 {[%emt 0:00:54] [#]} (25. Ne5 $1 $15 Qe7 26. Bd7) 25... Rxh3 $1 26. Qg4 $17 {[%emt 0:00:23][%csl Gb2][%cal Rg4g7] [#]} (26. Nxh3 $2 Qc8 27. Nf4 (27. Ng5 $2 f6 $19) 27... dxc4 $19) 26... f6 $1 27. Qxh3 {[%emt 0:01:36] And now Bc3 would win.} (27. Nxh3 $2 Bc8 28. Qh4 (28. Qh5 $2 g6 $19) 28... Qe7 $19) 27... Qe7 28. Na5 (28. b4 $2 Qe4 29. Qg2 Qxc4+ 30. Nd3 Ba7 $19) 28... Ba8 (28... Qe3 29. Qg2 (29. Nxb7 $2 Qg1#) 29... Ba8 30. Bc1 $16 (30. Nxd5 Qe6 $17)) 29. Qg2 {[%emt 0:00:39] [#]} (29. Nxd5 $2 Qe2#) 29... Bb4 (29... Bb6 $1 $17) 30. Nxd5 $11 Qe6 {[%emt 0:00:11] ...Qg4 is the strong threat.} (30... Bxa5 $2 31. Nxe7+ Kf8 32. Nc6 $18) 31. Nc4 {[%emt 0:00:22] Threatens to win with Nce3.} Qf5+ {[%emt 0:00:16][%mdl 1024] Black has compensation.} 32. Qf2 $1 (32. Kg1 $2 Bc5+ 33. Kh1 Re1+ 34. Rxe1 Bxd5 $19) 32... Qh3+ 33. Qg2 $1 (33. Kg1 $2 Bxd5 34. Rxd5 Re1+ $19) 33... Qf5+ (33... Qg4 $5 34. Nce3 $8 Rxe3 35. Nxf6+ gxf6 36. Qxa8+ Kg7 $11) 34. Qf2 $1 ({Wrong is} 34. Kg1 $2 Bc5+ 35. Kh1 Re1+ 36. Rxe1 Bxd5 $19) 34... Qh3+ $40 {[%emt 0:00:04][%mdl 128] White needs to defend precisely.} 35. Kg1 $2 (35. Qg2 $1 $11 {and White has nothing to worry.} Qg4 36. Nce3 Rxe3 37. Nxf6+ gxf6 38. Qxa8+ Kg7 39. Qd5 (39. Rd4 {leads to mate.} Qe2+ 40. Kg1 Qe1+ 41. Kg2 Re2+ 42. Kh3 Qf1+)) 35... Bxd5 $19 {[%emt 0:00:04] A strong pair of Bishops.} 36. Bd4 {[%emt 0:00:23] Against Bc5} (36. Rxd5 Re1+ 37. Qxe1 Bxe1 38. Rd8+ Kf7 39. Bd4) 36... Qg4 37. Rc1 {[%emt 0:02:11] White is weak on the light squares} Qe4 38. Kf1 Qh1+ (38... Qd3+ $142 39. Kg1 Re2 40. Nb6 Rxf2 41. Bxf2 Bb7 42. Rc8+ Bxc8 43. Nxc8 Qd1+ 44. Kg2 Qd5+ 45. Kf1 Qf3 46. Kg1 Qd1+ 47. Kg2 Qc2 48. Kg1 Qc1+ 49. Kg2 Qxc8 50. a3 Qb7+ 51. Kg1 Bxa3 52. g4 Qxb3 53. h4 Qd1+ 54. Kg2 Qxg4+ 55. Kf1 Bb4 56. Ba7 f5 57. Kf2 f4 58. Bd4 Bd2 59. Bc3 Bxc3 60. h5 Bd2 61. h6 f3 62. hxg7 Qg2#) 39. Qg1 Qf3+ 40. Qf2 Qh1+ (40... Qd3+ $142 41. Kg1 Re2 42. Qxe2 Qxe2 43. Ne3 Bb7 44. Rd1 Be1 45. Rxe1 Qxe1+ 46. Nf1 a5 47. g4 Ba6 48. Kg2 Qxf1+ 49. Kg3 g5 50. h4 Bb7 51. hxg5 fxg5 52. Kh2 Qg2#) 41. Qg1 Qf3+ (41... Bxc4+ $142 42. bxc4 Qf3+ 43. Qf2 Qd3+ 44. Kg1 Bd2) 42. Qf2 Qh1+ $2 {[%emt 0:00:04] A brilliant game!   Weighted Error Value: White=0.60/Black=0.48} (42... Qd3+ $19 43. Kg1 Re2) 1/2-1/2

[Event "ChessKid Cup Div-II 2023"]
[Site "Online"]
[Date "2023.05.25"]
[Round "54.1"]
[White "Oparin, Grigoriy"]
[Black "Andreikin, Dmitry"]
[Result "0-1"]
[ECO "C15"]
[WhiteElo "2667"]
[BlackElo "2729"]
[Annotator "TA"]
[PlyCount "96"]
[EventDate "2023.05.21"]
[EventType "k.o."]
[EventCountry "NET"]
[SourceTitle "playchess.com"]
[Source "ChessBase"]
[SourceQuality "1"]
[TimeControl "900+3"]

1. e4 e6 2. d4 d5 3. Nc3 Bb4 4. Nge2 Nc6 5. a3 Ba5 6. b4 Bb6 7. Bb2 {[%emt 0:00:03] C15: French: 3 Nc3 Bb4: Unusual White 4th moves.} Nf6 8. e5 $1 Nd7 9. Na4 {[%emt 0:00:15] White is slightly better.} O-O {[%emt 0:00:12] [#]} 10. Qd2 $146 ({Predecessor:} 10. f4 f6 11. g3 fxe5 12. dxe5 a5 13. b5 Ne7 14. c4 c6 15. Nd4 Bxd4 16. Bxd4 {½-½ Alexakis,D (2484)-Sharavdorj,D (2382) Belgrade Summer GM 4th 2022 (5)}) 10... f6 11. f4 a5 12. b5 $1 Na7 (12... Ne7 $11 {keeps the balance.}) 13. Ng3 (13. Nec3 $16) 13... fxe5 $11 14. fxe5 c6 $1 15. c4 {[%emt 0:00:28] Hoping for c5.} Bc7 (15... Qh4 $15 {is more appropriate.}) 16. cxd5 (16. O-O-O $11) 16... exd5 $15 17. bxc6 bxc6 (17... Nxc6 $5 18. O-O-O Nb6 $11) 18. Bd3 Qh4 19. O-O-O $1 Nxe5 20. dxe5 {[%emt 0:00:11][%cal Oh1f1] aiming for Rhf1!} Qxa4 21. Rhf1 $36 {[%emt 0:00:31][%mdl 2048] White has some pressure.} Bg4 {[%emt 0:00:57] The board is on fire.} 22. Nf5 Bxf5 (22... Bxd1 $2 23. Qg5 Qg4 24. Nh6+ Kh8 25. Rxf8+ Rxf8 26. Nxg4 $18) 23. Rxf5 Rxf5 24. Bxf5 Rb8 {[%emt 0:00:02] ...Qc4+ is the strong threat.} 25. Re1 {[%emt 0:00:58] [#]} (25. g3 $11) 25... Rxb2 $2 26. Kxb2 $16 {[%emt 0:00:03] And now Qf2 would win.} ({Reject} 26. Be6+ $6 Kh8 27. Kxb2 (27. Qxb2 Nb5 $17) 27... Nb5 $11) 26... Nb5 {[%emt 0:00:01] Black is weak on the light squares} 27. Qd3 Qf4 $2 (27... g6 $1 $11 {and Black is okay.} 28. Be6+ Kg7) 28. Bxh7+ $18 Kh8 {[%emt 0:00:03] Strongly threatening ...Qf2+.} 29. Qe3 {[%emt 0:00:01] Dodges Qf2+} Qxe3 (29... Qxh2 $2 30. Bd3 Qh4 31. e6 $18) 30. Rxe3 Kxh7 31. a4 $1 d4 (31... Nd4 $2 32. e6 Nf5 33. e7 Nxe7 34. Rxe7 Bxh2 35. Ra7 $18) 32. Rh3+ ({White has to play} 32. Re1 $1 $18 Kg8 33. axb5 cxb5 34. e6) 32... Kg6 $14 33. axb5 cxb5 {[%emt 0:00:01][%cal Bc6b5,Bb5b4,Bb4b3,Bb3b2][%mdl 4128] Endgame KR-KB} 34. Rg3+ (34. e6 {seems wilder.} Kf6 35. Rh5 b4 36. Rb5) 34... Kf5 35. Rxg7 (35. e6 $5 Kxe6 36. Rxg7 Bxh2 37. Rb7 $14) 35... Bxe5 36. Rb7 d3+ 37. Kc1 b4 38. Rb5 Ke4 39. Rxa5 b3 40. Rb5 b2+ $1 41. Kd2 Bf4+ 42. Kd1 (42. Ke1 $5 Be5 $8 43. Kd2 Bf4+ 44. Ke1 $11) 42... Be5 {[%emt 0:00:04] ( -> ...Bc3)} 43. h4 $2 (43. Kd2 $11 Bf4+ 44. Ke1) 43... Bc3 {[%emt 0:00:01] Black mates.} 44. h5 Kd4 $1 45. g4 {[%emt 0:00:02] [#]} Kc4 $1 46. Rxb2 Bxb2 47. g5 Be5 48. h6 {[%emt 0:00:01] [#]} Bf4 $1 {[%emt 0:00:01][%mdl 64] Deflection. Quite a comeback for Black.   Weighted Error Value: White=0.27 (precise) /Black=0.20 (precise)} 0-1

[Event "ChessKid Cup Div-II 2023"]
[Site "Online"]
[Date "2023.05.25"]
[Round "54.1"]
[White "Sadhwani, Raunak"]
[Black "Mamedyarov, Shakhriyar"]
[Result "1/2-1/2"]
[ECO "C54"]
[WhiteElo "2627"]
[BlackElo "2738"]
[Annotator "TA"]
[PlyCount "45"]
[EventDate "2023.05.21"]
[EventType "k.o."]
[EventCountry "NET"]
[SourceTitle "playchess.com"]
[Source "ChessBase"]
[SourceQuality "1"]
[TimeControl "900+3"]

1. e4 e5 2. Nf3 Nc6 3. Bc4 Bc5 4. d3 Nf6 5. O-O d6 6. c3 a5 {[%emt 0:00:05] seems to push 6...0-0 aside. C54: Giuoco Piano: 4 c3 Nf6, main lines with 5 d4 and 5 d3.} 7. Re1 Ba7 8. Nbd2 O-O {[%emt 0:00:06] The position is equal.} 9. Nf1 Ne7 10. Bb3 Ng6 11. h3 Be6 12. Be3 {[%emt 0:00:18] [#]} Re8 $146 ({Predecessor:} 12... c6 13. Ng3 Qc7 14. Qe2 b5 15. d4 Rfe8 16. Bc2 Rad8 17. b3 Bb8 18. Rad1 d5 {½-½ Mulligan,S (1986)-Shafi,D (2013) Glorney Cup Cardiff 2017 (4.11)}) 13. Bxa7 Rxa7 14. Bxe6 Rxe6 15. g3 a4 16. Ne3 b5 17. Qc2 c5 18. c4 (18. b3 $5 ) 18... b4 19. a3 {[%emt 0:00:01] [#] axb4 would be deadly.} b3 20. Qe2 Re8 21. h4 Nf8 22. Nd5 Ne6 23. Qd2 {[%emt 0:00:08] Weighted Error Value: White=0.07 (flawless) /Black=0.06 (flawless)} 1/2-1/2